 Dungeon Crawl Stone Soup version 0.24.1-8-ga250c9d538 (webtiles) character file.

Game seed: 5862675519864610785, levelgen mode: deterministic

25 Hugehornet the Changer (level 3, 0/23 HPs)
             Began as an Octopode Transmuter on May 3, 2020.
             Slain by an adder (4 damage)
             ... on level 2 of the Dungeon.
             The game lasted 00:01:16 (842 turns).

Hugehornet the Changer (Octopode Transmuter)         Turns: 842, Time: 00:01:17

Health: 0/23       AC:  1    Str:  9    XL:     3   Next: 6%
Magic:  5/6        EV: 13    Int: 16    God:
Gold:   29         SH:  0    Dex: 12    Spells: 3/6 levels left

rFire    . . .     SeeInvis .     - Unarmed
rCold    . . .     Gourm    .   (no shield)
rNeg     . . .     Faith    .   (helmet restricted)
rPois    .         Spirit   .   (no amulet)
rElec    .         Reflect  .   (no ring)
rCorr    .         Harm     .   (no ring)
MR       .....                  (no ring)
Stlth    ++........             (no ring)
HPRegen  0.07/turn              (no ring)
MPRegen  0.10/turn              (no ring)
                                (no ring)
                                (no ring)

@: appendage
A: almost no armour, stealthy swim, amphibious, 8 rings, constrict 8, tentacle
spike 3, camouflage 1, gelatinous body 1
a: End Transformation


You were on level 2 of the Dungeon.
You were not hungry.
One of your tentacles had a temporary spike.
You visited 1 branch of the dungeon, and saw 2 of its levels.

You collected 29 gold pieces.

Inventory:

Missiles
 a - 12 arrows
Armour
 e - a +2 buckler
Scrolls
 b - 3 scrolls of identify {unknown}
 f - a scroll of remove curse {unknown}
Potions
 d - a potion of berserk rage {unknown}
 g - a potion of curing {unknown}
Comestibles
 c - 2 rations


   Skills:
 - Level 1.0 Fighting
 - Level 2.0 Dodging
 - Level 3.0 Unarmed Combat
 - Level 2.0 Spellcasting
 + Level 3.4 Transmutations


You had 3 spell levels left.
You knew the following spells:

 Your Spells              Type           Power        Failure   Level  Hunger
a - Beastly Appendage     Tmut           ##....       4%          1    #......
b - Sticks to Snakes      Tmut           ##......     8%          2    ###....

Your spell library contained the following spells:

 Spells                   Type           Power        Failure   Level  Hunger
 Spider Form              Tmut/Pois      #.........   30%         3    ###....
 Ice Form                 Ice/Tmut       #.......     71%         4    #####..
 Blade Hands              Tmut           ##........   80%         5    ######.


Dungeon Overview and Level Annotations

Branches:
Dungeon (2/15)

Altars:


Innate Abilities, Weirdness & Mutations

You cannot wear most types of armour.
You are very stealthy in the water. (Stealth+)
You are amphibious.
You can wear up to eight rings at the same time.
You can use your tentacles to constrict eight enemies at once.
Your skin changes colour to match your surroundings (Stealth+).
Your rubbery body absorbs attacks. (AC +1, EV +1)
One of your tentacles bears a large vicious spike.


Message History

You constrict the jackal, but do no damage.
The jackal barely misses you.
A frilled lizard comes into view.
The frilled lizard hisses angrily.
You tentacle-slap the jackal but do no damage.
The jackal is moderately wounded.
You constrict the jackal. The jackal barely misses you.
The adder barely misses you.
A goblin comes into view. It is wielding a +0 club.
You barely miss the adder.
The goblin shouts!
Your grab misses the adder.
Your tentacle spike misses the adder.
You constrict the jackal.
You kill the jackal!
The adder misses you. The adder closely misses you.
You barely miss the adder. Your grab misses the adder.
Your tentacle spike misses the adder.
The adder bites you. x2
* * * LOW HITPOINT WARNING * * *
The adder bites you.
You die...

......#####....###
............#.....
..........#.#.....
......l.....g.....
........†....h....
.................S
#.................
.........#S#.....
....(...<#@# ....
.......#.S.# ...
#......##....#
....... .#.#....
.......#....###.
.......##.#.)
....... . #.# #.
.#


You could see 2 adders, a jackal, a goblin and a frilled lizard.

Vanquished Creatures
  2 goblins (D:1)
  3 hobgoblins (D:1)
  4 jackals
  A ball python (D:1)
  4 bats
  A frilled lizard (D:1)
  3 kobolds (D:1)
  6 rats (D:1)
24 creatures vanquished.

Notes
Turn   | Place    | Note
-------+----------+-------------------------------------------
     0 | D:1      | Hugehornet the Octopode Transmuter began the quest for the
                  | Orb.
     0 | D:1      | Reached XP level 1. HP: 13/13 MP: 3/3
    93 | D:1      | Reached XP level 2. HP: 17/18 MP: 3/5
   294 | D:1      | Learned a level 2 spell: Sticks to Snakes
   833 | D:2      | Reached XP level 3. HP: 16/23 MP: 6/6
   842 | D:2      | Slain by an adder

Levels and vault maps discovered:
D:1:      minmay_arrival_loop, layout_loops_cross
D:2:      layout_rooms, overflow_temple_1_default,
          nicolae_overflow_crystal_walls, vehumet_crystals, first_ration

Skill      XL: |  1  2 |
---------------+-------+-----
Transmutations | 3 |  3.4
Fighting       | |  1.0
Dodging        | |  2.0
Unarmed Combat | |  3.0
Spellcasting   | |  2.0

Action                   || total
-------------------------++-------
Melee: Unarmed           ||    51
       Constrict         ||     9
       Kick              ||     6
       Tentacles         ||     2
 Cast: Beastly Appendage ||    16
 Stab: Sleeping          ||     5
Armor: Skin              ||     2
Dodge: Dodged            ||    39
